 Dungeon Crawl Stone Soup version 0.25.0-11-g1f837a7 (webtiles) character file.

Game seed: 1979410151995941621

315 robertstho the Chopper (level 6, -1/56 HPs)
             Began as a Minotaur Berserker on June 26, 2020.
             Was a Believer of Trog.
             Slain by a demonic crawler (6 damage)
             ... on level 1 of the Abyss.
             The game lasted 00:05:20 (2997 turns).

robertstho the Chopper (Minotaur Berserker)         Turns: 2997, Time: 00:05:20

Health: -1/56      AC: 13    Str: 22    XL:     6   Next: 19%
Magic:  5/5        EV: 14    Int:  5    God:    Trog [**....]
Gold:   67         SH:  0    Dex: 10    Spells: 5/5 levels left

rFire    . . .     SeeInvis .   s - +0 broad axe
rCold    . . .     Gourm    .   (no shield)
rNeg     . . .     Faith    .   l - +0 chain mail
rPois    .         Spirit   .   (helmet restricted)
rElec    .         Reflect  .   p - +0 cloak
rCorr    .         Harm     .   i - +1 pair of gloves
MR       ++...                  (no boots)
Stlth    ..........             (no amulet)
HPRegen  1.18/turn              (no ring)
MPRegen  0.09/turn              (no ring)

@: mighty, agile, berserk cooldown, very slightly contaminated, regenerating,
slowed, invisible (expiring), very slow
A: retaliatory headbutt, horns 2
a: Berserk, Trog's Hand, Renounce Religion


You were on level 1 of the Abyss.
You worshipped Trog.
Trog was pleased with you.
You were hungry.

You visited 1 branch of the dungeon, and saw 4 of its levels.
You visited the Abyss 1 time.

You collected 67 gold pieces.

Inventory:

Hand Weapons
 r - a +2 quarterstaff of chaos
 s - a +0 broad axe (weapon)
Armour
 i - a +1 pair of gloves (worn)
 l - a +0 chain mail (worn)
 p - a +0 cloak (worn)
Wands
 k - a wand of acid (8)
Scrolls
 g - 3 scrolls of enchant armour
 m - a scroll of enchant weapon
Potions
 d - a potion of berserk rage
 f - a potion of might
Comestibles
 a - 2 chunks of flesh
 c - 10 rations


   Skills:
 * Level 5.1 Fighting
 * Level 6.0 Axes
 * Level 4.5 Armour
 * Level 3.0 Dodging


You had 5 spell levels left.
You didn't know any spells.
Your spell library was empty.

Dungeon Overview and Level Annotations

Branches:
Dungeon (4/15)
 Temple: D:4-7

Altars:
Elyvilon


Innate Abilities, Weirdness & Mutations

You reflexively headbutt those who attack you in melee.
You have a pair of horns on your head.


Message History

You flicker for a moment.
The demonic crawler hits you.
The demonic crawler hits you but does no damage. x2
The demonic crawler hits you.
The demonic crawler hits you but does no damage.
The demonic crawler hits you. The demonic crawler barely misses you.
The demonic crawler hits you but does no damage.
The demonic crawler hits you!
Your skin crawls.
You feel resistant to hostile enchantments.
You feel somewhat more hungry.
The demonic crawler hits you but does no damage.
The demonic crawler closely misses you. The demonic crawler hits you. x2
The demonic crawler hits you!
* * * LOW HITPOINT WARNING * * *
The demonic crawler hits you!
* * * LOW HITPOINT WARNING * * *
You fade further into invisibility.
You flicker for a moment.
The demonic crawler barely misses you. The demonic crawler hits you.
You die...

######
#.#..#
#@s.##
#........#
..#.##..##.#
# #..
######.# .#
#.#.#..# .
.# . . .#.
#.## . #
#.#.# . # .
. # #.#.###.
. .
#.##..#.. .
.


You could see a demonic crawler.

Vanquished Creatures
  An ogre (D:4)
  Crazy Yiuf (D:3)
  6 gnolls
  7 adders
  2 worms (D:3)
  5 dart slugs
  A leopard gecko (D:1)
  3 ball pythons
  6 giant cockroaches
  9 goblins
  10 hobgoblins
  6 bats
  2 frilled lizards
  9 kobolds
  6 rats
74 creatures vanquished.

Notes
Turn   | Place    | Note
-------+----------+-------------------------------------------
     0 | D:1      | robertstho the Minotaur Berserker began the quest for the
                  | Orb.
     0 | D:1      | Reached XP level 1. HP: 19/19 MP: 0/0
     1 | D:1      | Noticed an electric eel
    80 | D:1      | Reached skill level 4 in Axes
    80 | D:1      | Reached XP level 2. HP: 27/27 MP: 1/1
   399 | D:1      | Reached ** piety under Trog
   497 | D:1      | Reached XP level 3. HP: 34/34 MP: 2/2
   870 | D:2      | Reached XP level 4. HP: 41/41 MP: 3/3
  1202 | D:2      | Found a white marble altar of Elyvilon.
  1519 | D:3      | Reached skill level 5 in Axes
  1705 | D:3      | Reached XP level 5. HP: 34/47 MP: 4/4
  2148 | D:3      | Found a runed translucent door.
  2149 | D:3      | Noticed Crazy Yiuf
  2506 | D:3      | Reached skill level 5 in Fighting
  2592 | D:3      | Killed Crazy Yiuf
  2651 | D:4      | Noticed an ogre
  2656 | D:4      | Killed an ogre
  2656 | D:4      | Reached XP level 6. HP: 42/56 MP: 5/5
  2802 | D:4      | Reached *** piety under Trog
  2802 | D:4      | Reached skill level 6 in Axes
  2832 | D:4      | Cast into level 1 of the Abyss (orc wizard)
  2832 | Abyss:1  | Found a corrupted altar of Lugonu.
  2910 | Abyss:1  | Noticed a sun demon
  2981 | Abyss:1  | Noticed an apocalypse crab
  2989 | Abyss:1  | Noticed a demonic crawler
  2989 | Abyss:1  | an apocalypse crab changed into a demonic crawler
  2997 | Abyss:1  | Slain by a demonic crawler

Illustrated notes

Levels and vault maps discovered:
D:1:      arrival_aquarium_a, layout_basic, minmay_split_cup_large
D:2:      layout_rooms, nicolae_overflow_hidden_temple
D:3:      layout_loops_ring, minmay_misc_feat_tiny, uniq_crazy_yiuf_cottage
D:4:      layout_basic, lemuel_coloured_pillars_altar,
          chequers_serial_rivers_large_a, minmay_quadrilaterals
Abyss:1:  base:
D:3

Skill      XL: |  1  2  3  4  5  6 |
---------------+-------------------+-----
Axes           | 4 5 6 |  6.0
Fighting       | 4 5 |  5.1
Armour         | 3 4 |  4.5
Dodging        | 3 |  3.0

Action                   |  1- 3 |  4- 6 || total
-------------------------+-------+-------++-------
Melee: Hand axe          |    65 |    88 ||   153
       Headbutt          |    10 |    18 ||    28
       Broad axe         |       |    13 ||    13
Invok: Berserk           |       |     3 ||     3
       Trog's Hand       |       |     2 ||     2
  Use: Scroll            |       |     9 ||     9
       Potion            |       |     1 ||     1
  Eat: Chunk             |       |     9 ||     9
Armor: Ring mail         |    17 |    36 ||    53
       Animal skin       |     5 |       ||     5
       Chain mail        |       |    27 ||    27
Dodge: Dodged            |    58 |    80 ||   138
